 Dungeon Crawl Stone Soup version 0.20-a0-470-gbb038bd (webtiles) character file.

12166 Klosterheim the Spear-Bearer (level 11, -1/84 HPs)
             Began as a Demonspawn Warper on Jan 13, 2017.
             Was a Priest of Makhleb.
             Slain by a yak (9 damage)
             ... on level 1 of the Lair of Beasts.
             The game lasted 00:41:18 (13664 turns).

Klosterheim the Spear-Bearer (Demonspawn Warper)   Turns: 13664, Time: 00:41:19

Health: -1/84      AC: 26    Str: 14    XL:     11   Next: 58%
Magic:  14/14      EV:  4    Int: 20    God:    Makhleb [***...]
Gold:   1067       SH:  0    Dex: 15    Spells: 12/14 levels left

rFire  . . .     SeeInvis .     G - +5 halberd (curse)
rCold  + . .     Gourm    .     l - +8 orange crystal plate armour {Archmagi, Int+3 Clar}
rNeg   . . .     Faith    .     (shield currently unavailable)
rPois  +         Spirit   .     i - +2 hat
rElec  .         Reflect  .     (no cloak)
rCorr  +         Harm     .     (no gloves)
MR     .....     Clarity  +     (no boots)
Stlth  ..........               (no amulet)
                                y - ring of poison resistance
                                F - +3 ring of evasion

@: very slightly contaminated, invisible
A: claws 1, yellow scales 3, agile 1, clever 1, cold resistance 1, deformed
body, spiny 1, freezing cloud immunity
a: Minor Destruction, Lesser Servant of Makhleb, Renounce Religion


You were on level 1 of the Lair of Beasts.
You worshipped Makhleb.
Makhleb was most pleased with you.
You were not hungry.

You visited 4 branches of the dungeon, and saw 14 of its levels.
You also visited: Bailey.

You collected 1067 gold pieces.

Inventory:

Hand Weapons
 G - a cursed +5 halberd (weapon)
Missiles
 a - 12 tomahawks
 e - 5 tomahawks of dispersal (quivered)
 J - 20 tomahawks of returning
Armour
 i - a +2 hat (worn)
 l - the +8 orange crystal plate armour (worn) {Archmagi, Int+3 Clar}
   (You found it on level 4 of the Dungeon)

   It affects your intelligence (+3).
   It protects you against confusion.
Jewellery
 y - a ring of poison resistance (right claw)
 E - an uncursed ring of fire
 F - a +3 ring of evasion (left claw)
Wands
 p - a wand of flame (19/48)
 s - a wand of flame (22/48)
 v - a wand of iceblast (1/15)
 w - a wand of paralysis (7/24)
 A - a wand of flame (19/48)
 H - a wand of iceblast (5/15)
 I - a wand of paralysis (14/24)
 P - a wand of polymorph (5/24)
Scrolls
 b - 9 scrolls of remove curse
 d - a scroll of blinking
 j - 2 scrolls of magic mapping
 k - 4 scrolls of teleportation
 o - 2 scrolls of enchant weapon
 t - a scroll of enchant armour
 N - 2 scrolls of identify
 O - a scroll of recharging
Potions
 h - a potion of cancellation
 q - a potion of cure mutation
 r - a potion of might
 z - a potion of beneficial mutation {unknown}
 B - 2 potions of curing
 K - a potion of haste {unknown}
Books
 c - a book of Spatial Translocations

   Spells                             Type                      Level
   a - Blink                          Translocation                2
   b - Shroud of Golubria             Charms/Translocation         2
   c - Lesser Beckoning               Translocation                3
   d - Portal Projectile              Translocation                3
   e - Teleport Other                 Translocation                3
   f - Passage of Golubria            Translocation                4
 x - the Almanac of Karma
   (You found it on level 1 of the Lair of Beasts)

   Spells                             Type                      Level
   a - Regeneration                   Charms/Necromancy            3
   b - Gell's Gravitas                Hexes/Translocation          3
   c - Leda's Liquefaction            Hexes/Earth                  4
   d - Summon Mana Viper              Hexes/Summoning              5
 M - the Handbook of Supportive Dark Rites
   (You found it on level 1 of the Lair of Beasts)

   Spells                             Type                      Level
   a - Excruciating Wounds            Charms/Necromancy            5
   b - Summon Mana Viper              Hexes/Summoning              5
   c - Agony                          Necromancy                   5
   d - Cigotuvi's Embrace             Necromancy                   5
Comestibles
 f - 8 bread rations
 g - 2 meat rations
 m - 3 chunks of flesh
 u - 2 beef jerkies
 C - a slice of pizza
 D - 32 fruits


   Skills:
 - Level 7.0 Fighting
 * Level 13.3 Polearms
 - Level 0.8 Throwing
 + Level 8.4 Armour
 - Level 1.7 Dodging
 - Level 2.0 Spellcasting
 - Level 2.6 Translocations


You had 12 spell levels left.
You knew the following spells:

 Your Spells              Type           Power        Failure   Level  Hunger
a - Blink                 Tloc           N/A          100%        2    ##.....


Dungeon Overview and Level Annotations

Branches:
Dungeon (10/15)            Temple (1/1) D:5            Lair (2/6) D:10
    Orc (1/2) D:10
  Swamp: Lair:2-4    Shoals: Lair:2-4     Snake: Lair:2-4    Spider: Lair:2-4

Altars:
Ashenzari
Cheibriados
Dithmenos
Elyvilon
Fedhas
Gozag
Hepliaklqana
Kikubaaqudgha
Makhleb
Nemelex Xobeh
Okawaru
Qazlal
Ru
Sif Muna
Trog
Uskayaw
Vehumet
Xom
Yredelemnul
Zin
The Shining One

Annotations:
D:3 Grinder


Innate Abilities, Weirdness & Mutations

You have sharp fingernails.
You are completely covered in yellow scales. (AC +4, rCorr)
Your flesh is cold resistant. (rC+)
You are partially covered in sharp spines.
You are immune to freezing clouds.
You are agile. (Dex +2)
Your mind is acute. (Int +2)
Armour fits poorly on your strangely shaped body.


Message History

* * * LOW HITPOINT WARNING * * *
You puncture the yak!
You kill the yak!
Makhleb accepts your kill.
You see here a yak corpse.
You slash the yak!
The yak is moderately wounded.
The yak is struck by your spines. The yak gores you but does no damage.
You strike the helpless yak from behind!
You hit the yak.
The yak is heavily wounded.
The yak barely misses you.
You catch the helpless yak completely off-guard!
You hit the yak.
The yak is heavily wounded.
You strike the helpless yak from behind!
You slash the yak!
The yak is almost dead.
The yak is struck by your spines. The yak gores you!
You die...

#.####.#..#.....(.#........# #.#
#...Y#...>...#.....⌠.⌠# ##.#
#.....................# #..##
#.#..##.⌠.⌠..#..##.⌠.##
##..###..#..#.........###...#####
##..##..............## ##......#
###.##....#.#†...##..# ####P..#
#...#.....#...#.##..## #(..#
#......#####....@Y.## #....
#......# ##......# ##....
#......#### ##..#### #.#...
#.........#####.## ##....
#.#..P###........## #..#..
.....## #....##..P### ###.)#..
#....# ##...###....### #.......
....## #...# ####..P# #.......
.....## ##### ##..####.P##.#.


You could see a yak.

Vanquished Creatures
  Gastronok (Orc:1)
  An orc knight (Bailey)
  An oklob plant (D:10)
  An elephant (Lair:2)
  A gargoyle (D:10)
  3 spiny frogs (Lair:1)
  A rime drake (Lair:1)
  A centaur skeleton (D:10)
  Sigmund (D:6)
  9 yaks
  Edmund (D:5)
  2 water moccasins
  A porcupine (Lair:1)
  A black bear (Lair:1)
  2 sky beasts (D:5)
  3 ice beasts
  A necrophage (D:6)
  A phantom (D:9)
  6 orc warriors
  4 wolves (Lair:2)
  3 ogres
  4 centaurs
  A big kobold (D:8)
  12 bullfrogs
  9 scorpions
  5 killer bees (D:8)
  4 wights (D:9)
  7 howler monkeys
  4 crimson imps
  2 centaur zombies
  A gnoll shaman (D:5)
  3 bullfrog skeletons
  5 hounds
  A jelly (D:5)
  10 orc priests
  14 orc wizards
  2 iguanas (D:5)
  7 worker ants
  2 hound skeletons (D:7)
  A worker ant zombie (D:6)
  17 adders
  7 gnolls
  2 howler monkey skeletons (D:6)
  An ooze (D:2)
  An adder skeleton (D:7)
  2 worms
  2 dart slugs
  3 leopard geckos
  47 orcs
  3 giant cockroaches
  12 goblins
  8 hobgoblins
  5 jackals
  6 quokkas
  A ball python (D:2)
  8 bats
  4 frilled lizards
  6 kobolds
  A leopard gecko zombie (D:7)
  A quokka skeleton (D:6)
  A quokka zombie (D:5)
  8 rats
  A fungus (D:2)
  A plant (D:10)
287 creatures vanquished.

Notes
Turn   | Place    | Note
-------+----------+-------------------------------------------
     0 | D:1      | Klosterheim the Demonspawn Warper began the quest for the Orb.
     0 | D:1      | Reached XP level 1. HP: 16/16 MP: 3/3
    87 | D:1      | Reached skill level 2 in Polearms
   348 | D:1      | Found a hide-covered altar of Uskayaw.
   419 | D:1      | Gained mutation: You are partially covered in yellow scales. (AC +2) [demonic ancestry]
   419 | D:1      | Reached XP level 2. HP: 16/22 MP: 5/5
  1080 | D:2      | Reached skill level 3 in Polearms
  1080 | D:2      | Reached XP level 3. HP: 12/27 MP: 6/6
  2064 | D:3      | Noticed Grinder
  2093 | D:3      | Paralysed by Grinder for 2 turns
  2110 | D:3      | Paralysed by Grinder for 6 turns
  2179 | D:2      | Learned a level 2 spell: Blink
  2371 | D:3      | Reached XP level 4. HP: 33/33 MP: 7/7
  2501 | D:3      | HP: 1/33 [orc priest/short sword (5)]
  2502 | D:3      | Reached skill level 4 in Polearms
  3052 | D:3      | Reached XP level 5. HP: 10/38 MP: 8/8
  3429 | D:3      | Paralysed by Grinder for 2 turns
  3742 | D:2      | Reached skill level 5 in Polearms
  4166 | D:3      | Paralysed by Grinder for 5 turns
  4250 | D:4      | Gained mutation: You are mostly covered in yellow scales. (AC +3) [demonic ancestry]
  4250 | D:4      | Reached XP level 6. HP: 43/44 MP: 9/9
  4358 | D:4      | Reached skill level 6 in Polearms
  4564 | D:4      | Found a sacrificial altar of Ru.
  4982 | D:4      | Reached skill level 1 in Armour
  5163 | D:4      | Gained mutation: You are completely covered in yellow scales. (AC +4, rCorr) [demonic ancestry]
  5163 | D:4      | Reached XP level 7. HP: 37/50 MP: 10/10
  5425 | D:3      | Reached skill level 7 in Polearms
  5971 | D:5      | Entered Level 5 of the Dungeon
  6467 | D:5      | Gained mutation: You have sharp fingernails. [demonic ancestry]
  6467 | D:5      | Reached XP level 8. HP: 37/58 MP: 11/11
  6570 | D:5      | Reached skill level 8 in Polearms
  6805 | D:5      | Found a staircase to the Ecumenical Temple.
  6904 | Temple   | Entered the Ecumenical Temple
  7225 | Temple   | Became a worshipper of Makhleb the Destroyer
  7850 | D:6      | Noticed Sigmund
  7933 | D:5      | Gained mutation: Armour fits poorly on your strangely shaped body. [potion of mutation]
  7933 | D:5      | Gained mutation: Your mind is acute. (Int +2) [potion of mutation]
  7933 | D:5      | Gained mutation: You are agile. (Dex +2) [potion of mutation]
  8804 | D:6      | Reached * piety under Makhleb
  8911 | D:6      | Noticed Edmund
  8933 | D:5      | Reached skill level 9 in Polearms
  8987 | D:5      | Killed Edmund
  8987 | D:5      | Reached skill level 5 in Fighting
  9014 | D:5      | Gained mutation: You are partially covered in sharp spines. [demonic ancestry]
  9014 | D:5      | Reached XP level 9. HP: 60/68 MP: 12/12
  9357 | D:6      | Killed Sigmund
  9656 | D:7      | Found a glowing silver altar of Zin.
  9830 | D:7      | Found a white marble altar of Elyvilon.
 10271 | D:7      | Reached skill level 5 in Armour
 10363 | D:7      | Reached skill level 10 in Polearms
 10492 | D:8      | Reached ** piety under Makhleb
 10637 | D:8      | Found a blossoming altar of Fedhas.
 10804 | D:8      | Found a hazy altar of Hepliaklqana.
 10943 | D:9      | Found a sparkling altar of Nemelex Xobeh.
 11166 | D:9      | Gained mutation: Your flesh is cold resistant. (rC+) [demonic ancestry]
 11166 | D:9      | Reached XP level 10. HP: 68/77 MP: 13/13
 11395 | D:9      | Reached *** piety under Makhleb
 11526 | D:9      | Reached skill level 11 in Polearms
 11580 | D:10     | Entered Level 10 of the Dungeon
 11961 | D:10     | Found a basalt altar of Yredelemnul.
 12053 | D:10     | Found a staircase to the Orcish Mines.
 12069 | Orc:1    | Entered Level 1 of the Orcish Mines
 12381 | Orc:1    | Found a flagged portal.
 12383 | Orc:1    | Reached **** piety under Makhleb
 12398 | Bailey   | Entered a bailey
 12504 | Bailey   | Noticed an orc knight
 12518 | Bailey   | Killed an orc knight
 12518 | Bailey   | Reached skill level 12 in Polearms
 12534 | Bailey   | Found a burning altar of Makhleb.
 12607 | Orc:1    | Noticed Gastronok
 12631 | Orc:1    | Killed Gastronok
 12631 | Orc:1    | Gained mutation: You are immune to freezing clouds. [demonic ancestry]
 12631 | Orc:1    | Reached XP level 11. HP: 29/84 MP: 14/14
 12878 | Orc:1    | Noticed an orc knight
 12939 | D:10     | Noticed an oklob plant
 12942 | D:10     | Found a staircase to the Lair.
 12958 | D:10     | Killed an oklob plant
 12974 | Lair:1   | Entered Level 1 of the Lair of Beasts
 13075 | Lair:1   | Identified the Almanac of Karma
 13145 | Lair:1   | Reached skill level 13 in Polearms
 13222 | Lair:1   | Identified the Handbook of Supportive Dark Rites
 13664 | Lair:1   | Slain by a yak

Vault maps used:
D:1:      minmay_arrival_jagged, kennysheep_flooded_box, st_stairs_7
D:2:      first_bread, minivault_27, minmay_gold_behind_fungi
D:3:      uniq_grinder
D:4:      nicolae_ru_the_path_less_chosen
D:6:      uniq_edmund, uniq_sigmund
D:7:      basic_altar, elyvilon_altar_1
D:8:      fedhas_bush_and_centaur_altar, overflow_temple_1_default,
          blue_anna_alchemist
D:9:      basic_altar, minivault_25
D:10:     dpeg_oklobed_lair, kennysheep_small_spiral, yredelemnul_altar_generic
Temple:   hc_temple_tempest_star
Lair:1:   grunt_megastairs_2
Lair:2:   lemuel_slime
Orc:1:    enter_bailey_3, serial_shops, shop, uniq_gastronok, uniq_snorg
Bailey:   bailey_axe_3, bailey

Skill      XL: |  1  2  3  4  5  6  7  8  9 10 11 |
---------------+----------------------------------+-----
Polearms       | 2 3 4 5 6 7 9 10 12 13 | 13.3
Armour         | 1 2 4 5 7 8 |  8.4
Fighting       | 3 5 6 7 |  7.0
Throwing       | |  0.8
Dodging        | |  1.7
Spellcasting   | |  2.0
Translocations | |  2.6

Action                   |  1- 3 |  4- 6 |  7- 9 | 10-12 || total
-------------------------+-------+-------+-------+-------++-------
Melee: Spear             |   225 |     6 |       |       ||   231
       Trident           |       |   127 |       |       ||   127
       Halberd           |       |    52 |   767 |   343 ||  1162
 Cast: Blink             |       |     2 |       |       ||     2
Invok: Lesser Servant of |       |       |       |     2 ||     2
Evoke: Wand              |       |     3 |     7 |     5 ||    15
  Use: Potion            |     1 |       |     3 |     1 ||     5
       Scroll            |       |     4 |     9 |     6 ||    19
 Stab: Paralysed         |       |       |       |     4 ||     4
       Invisible         |       |       |       |     6 ||     6
  Eat: Chunk             |     5 |     7 |    15 |     8 ||    35
       Pizza             |       |       |     2 |       ||     2
       Meat ration       |       |       |     1 |       ||     1
Armor: Ring mail         |    76 |    76 |       |       ||   152
       Leather armour    |     1 |       |       |       ||     1
       Crystal plate arm |       |    17 |   872 |   319 ||  1208
Dodge: Dodged            |    95 |    85 |    40 |    60 ||   280
